Map: Winter's Gate LE

Players

Mez - Winner!

  • Race: Terran Terran
  • League: Master
  • Spawn Location: 11:00

zwijntje

  • Race: Terran Terran
  • Spawn Location: 5:00

VOD

Have the link to the VOD?

Description

Time

  • Played on: Aug. 21, 2019, 3:40 p.m.
  • Length: 30:57
Show
View Real Time Build Order
Export as new Build Order

Mez Terran - Winner!

Build Orders: Gas First Reaper Expand, Liberator Opening 

Get SALT Encoding   

  12  0:00  SCV  
  13  0:13  SCV  
  14  0:17  Supply Depot  
  14  0:25  SCV  
  15  0:29  Refinery  
  15  0:38  SCV  
  16  0:44  Barracks  
  16  0:50  SCV  
  17  1:03  SCV  
  18  1:15  SCV  
  19  1:31  Reaper  
  19  1:32  Orbital Command  
  20  1:42  Command Center  
  20  1:53  Factory  
  20  1:59  SCV  
  21  2:20  Reaper  
  21  2:21  Supply Depot  
  22  2:29  SCV  
  22  2:43  Hellion  
  23  2:59  Reaper  
  23  3:00  SCV  
  25  3:15  Starport  
  25  3:16  Supply Depot  
  27  3:20  Hellion  
  25  3:28  Command Center  
  23  3:36  Reaper  
  23  3:37  SCV  
  25  3:42  Refinery  
  25  3:50  SCV  
  24  3:58  Liberator  
  28  4:17  Hellion  
  28  4:23  SCV  
  29  4:32  Marine  
  29  4:36  SCV  
  33  4:38  Hellion  
  33  4:48  SCV  
  30  5:11  Orbital Command  
  30  5:12  SCV  
  29  5:14  Barracks Reactor  
  29  5:18  Factory Tech Lab  
  29  5:20  Starport Tech Lab  
  29  5:29  SCV  
  30  5:36  Orbital Command  
  30  5:39  Siege Tank  
  30  5:41  SCV  
  34  5:53  Marine x2, SCV  
  37  5:57  Viking  
  37  6:01  Command Center  
  37  6:02  SCV  
  40  6:05  SCV  
  41  6:14  SCV  
  41  6:17  SCV  
  41  6:18  Marine x2  
  45  6:26  SCV  
  45  6:29  SCV  
  46  6:38  SCV  
  47  6:40  Refinery  
  47  6:41  SCV  
  47  6:42  Barracks  
  47  6:44  Barracks  
  48  6:49  Raven  
  48  6:50  SCV  
  48  6:53  SCV  
  45  7:02  SCV  
  45  7:06  SCV  
  41  7:14  SCV  
  41  7:17  Orbital Command  
  41  7:24  SCV  
  41  7:26  SCV  
  43  7:34  Barracks Reactor  
  43  7:38  SCV x2  
  45  7:49  SCV  
  45  7:50  Starport Reactor, SCV  
  45  7:51  SCV  
  48  7:55  Marine  
  48  7:56  Marine  
  48  7:57  Marine  
  48  7:58  Stimpack  
  51  8:01  SCV  
  51  8:02  SCV  
  51  8:03  SCV  
  54  8:06  Supply Depot, Engineering Bay  
  54  8:07  Supply Depot  
  54  8:13  Marine, SCV  
  54  8:15  SCV x2  
  58  8:25  SCV  
  60  8:27  SCV x2  
  60  8:31  Marine x2  
  60  8:32  Marine x3  
  60  8:33  Siege Tank  
  66  8:37  SCV, Medivac x2  
  66  8:39  SCV x2  
  73  8:42  Refinery  
  73  8:43  Terran Infantry Weapons Level 1  
  73  8:47  Supply Depot  
  73  8:48  Supply Depot  
  73  8:49  Marine x2  
  73  8:50  Orbital Command  
  75  8:56  Marine  
  75  8:57  Marine x2  
  75  9:02  Barracks x2  
  78  9:07  Marine x2  
  78  9:08  Siege Tank  
  83  9:10  SCV x2  
  83  9:14  Marine  
  83  9:17  SCV  
  87  9:20  Supply Depot x2  
  87  9:22  SCV  
  88  9:33  Marine x2  
  88  9:34  Marine x3  
  88  9:36  Medivac x2  
  88  9:38  SCV x2  
  99  9:39  SCV, Refinery  
  99  9:41  Siege Tank  
  103  9:47  Supply Depot x2  
  103  9:50  SCV x2  
  103  9:51  Marine x2, SCV  
  108  9:56  Barracks Tech Lab x2  
  108  9:57  Marine x2, Marauder  
  112  10:02  SCV x2  
  112  10:03  SCV  
  112  10:04  Combat Shield  
  115  10:10  Marine x2  
  115  10:11  Medivac  
  117  10:14  SCV x2  
  117  10:15  Marine, SCV  
  110  10:26  SCV x2  
  104  10:35  Marine x4  
  101  10:36  Marauder x2  
  101  10:37  Marauder  
  101  10:38  Siege Tank, Medivac  
  101  10:39  SCV x3  
  113  10:45  Refinery  
  113  10:49  Terran Infantry Armor Level 1, Supply Depot  
  113  10:50  Supply Depot  
  113  10:51  SCV  
  114  10:57  Command Center, Barracks x2, Marauder  
  114  10:58  Barracks  
  114  11:01  Marine x4, Marauder x2  
  114  11:04  Concussive Shells  
  124  11:13  Siege Tank  
  127  11:18  Marine  
  127  11:19  Marine x2  
  127  11:22  Marauder  
  132  11:28  Marine  
  132  11:29  Marine, Marauder  
  132  11:30  Viking x2  
  140  11:37  Marauder  
  139  11:50  Barracks Tech Lab x3  
  139  11:52  Marine x3, Marauder x2  
  146  11:54  Siege Tank  
  149  12:09  SCV x2, Marauder, Viking x2, Planetary Fortress  
  149  12:11  SCV  
  158  12:18  Refinery  
  158  12:19  Refinery  
  158  12:21  SCV  
  159  12:30  Starport  
  159  12:31  Marine x5, Starport  
  164  12:56  Supply Depot x2  
  164  12:57  Supply Depot  
  164  12:58  Supply Depot  
  164  13:01  Command Center x2  
  164  13:02  Armory  
  164  13:04  Engineering Bay  
  164  13:08  Starport Reactor, Starport Tech Lab  
  164  13:11  Fusion Core  
  164  13:17  Marine x6, Viking  
  164  13:18  Viking  
  174  13:41  Sensor Tower  
  174  13:47  Siege Tank  
  174  13:48  Viking x5  
  185  13:52  Sensor Tower  
  187  14:14  Planetary Fortress  
  187  14:16  Planetary Fortress  
  187  14:21  Refinery  
  187  14:22  Viking  
  187  14:23  Viking x3  
  187  14:24  Viking, Advanced Ballistics  
  197  14:25  Refinery  
  189  14:47  Terran Infantry Armor Level 2, Terran Infantry Weapons Level 2  
  189  14:48  Terran Ship Weapons Level 1  
  189  14:54  Starport  
  189  14:55  Starport  
  189  15:17  Refinery  
  189  15:18  Command Center x2, Refinery  
  189  15:34  Command Center  
  189  15:40  Liberator  
  189  15:43  Viking x4  
  196  15:55  Siege Tank  
  196  15:56  Liberator x2  
  172  16:05  Liberator x2  
  153  16:23  Liberator  
  153  16:25  Marine x4, Marauder x5  
  144  16:27  Siege Tank  
  138  16:42  SCV x3  
  138  16:46  Marauder  
  146  16:47  Orbital Command x2  
  146  16:50  Planetary Fortress  
  146  16:59  Command Center  
  146  17:00  Command Center, Terran Ship Weapons Level 2  
  146  17:03  Marauder x3  
  146  17:04  Command Center, Marauder, Armory  
  146  17:05  Siege Tank  
  153  17:15  Refinery  
  152  17:29  Viking x5  
  157  17:37  Siege Tank  
  157  17:38  Marauder x3  
  157  17:39  Marauder x2  
  157  17:40  Barracks Tech Lab  
  157  17:44  Liberator  
  163  17:54  Marine x2  
  158  17:59  Viking  
  158  18:00  Marauder x4  
  158  18:02  Viking  
  158  18:05  Starport Reactor  
  173  18:14  Planetary Fortress  
  173  18:19  Orbital Command  
  173  18:23  Orbital Command  
  146  18:37  Marine, Marauder x4  
  146  18:38  Marauder x2  
  147  18:48  Liberator x3  
  118  19:01  Marauder x5  
  118  19:02  Siege Tank  
  131  19:04  Starport Reactor  
  140  19:18  Viking  
  140  19:19  Viking x3  
  99  19:32  Marauder  
  99  19:33  Marauder  
  99  19:38  Siege Tank  
  102  19:47  Marine  
  102  19:48  Viking x4  
  109  19:57  Marine x3, Marauder x5  
  110  20:03  Viking x4  
  118  20:20  Terran Vehicle And Ship Armor Level 1, Terran Ship Weapons Level 3  
  118  20:24  Terran Infantry Weapons Level 3  
  118  20:25  Terran Infantry Armor Level 3  
  118  20:44  Viking  
  118  20:45  Viking x4  
  121  21:05  Marauder x2  
  121  21:06  Siege Tank, Marauder x4  
  122  21:15  Viking  
  124  21:22  Viking x4  
  132  21:29  Liberator x2  
  132  21:30  Liberator  
  141  22:16  Viking x3  
  141  22:17  Marauder  
  141  22:18  Siege Tank, Marauder x3  
  139  22:46  Viking x3  
  139  22:47  Viking x5  
  139  22:50  Siege Tank  
  134  23:01  Marauder  
  134  23:02  Marauder x5  
  143  23:12  Liberator x3  
  136  23:23  Marauder  
  138  23:27  Marauder x3  
  138  23:28  Marauder x2, Viking x2  
  138  23:29  Viking x4  
  169  23:41  Liberator  
  169  23:47  Siege Tank  
  172  23:49  Marine x2, Marauder x3  
  160  23:58  Marine x2, Marauder x3  
  151  24:07  Marine  
  151  24:08  Liberator x4  
  152  24:10  Marauder x2  
  168  24:35  Marauder  
  162  24:42  Viking  
  162  24:43  Viking  
  162  24:44  Cyclone  
  143  25:08  SCV x8  
  151  25:16  Marauder  
  151  25:17  Marauder x3  
  151  25:20  SCV x2  
  161  25:22  Siege Tank  
  161  25:23  Marine x2  
  161  25:28  SCV x3  
  149  25:50  Marauder x5  
  159  26:16  Marauder x4  
  159  26:17  Marauder x2  
  167  26:31  Marine  
  167  26:32  Marine x3  
  171  26:33  Viking  
  171  26:34  Viking x4  
  171  26:37  Marine, Marauder  
  184  26:57  SCV x3  
  184  26:58  SCV  
  188  27:13  Liberator x6  
  188  27:14  Refinery  
  176  27:42  Marauder  
  176  27:43  Marauder x5  
  166  27:57  Command Center  
  166  28:04  Marauder x2  
  170  28:08  Liberator x2  
  170  28:09  Liberator x6  
  186  28:51  Siege Tank  
  172  29:09  SCV  
  172  29:20  Marauder x5  
  174  30:12  Siege Tank  
  174  30:13  Marine, Marauder x6  
Show
View Real Time Build Order
Export as new Build Order

zwijntje Terran 

Build Orders: Mech 

Get SALT Encoding   

  12  0:01  SCV  
  13  0:14  SCV  
  14  0:20  Supply Depot  
  14  0:28  SCV  
  15  0:31  Refinery  
  15  0:45  Barracks  
  15  0:58  Barracks  
  15  1:02  SCV  
  16  1:14  SCV  
  17  1:27  SCV  
  17  1:32  Reaper  
  19  1:40  Supply Depot, Orbital Command  
  19  1:45  Reaper  
  20  1:55  Refinery  
  20  2:04  Reaper  
  20  2:18  Reaper  
  21  2:29  SCV  
  22  2:36  Reaper  
  23  2:48  SCV  
  23  2:50  Reaper  
  25  3:08  Reaper  
  26  3:13  Factory  
  26  3:15  SCV  
  26  3:17  Supply Depot  
  27  3:22  Reaper  
  28  3:37  SCV  
  28  3:41  Command Center  
  29  3:43  Reaper  
  27  3:58  Reaper  
  27  4:00  SCV  
  26  4:03  Factory Tech Lab  
  25  4:15  Reaper  
  24  4:18  Bunker  
  24  4:21  Cyclone  
  24  4:23  SCV  
  28  4:28  Starport  
  28  4:36  SCV  
  28  4:48  SCV  
  28  4:53  Orbital Command  
  28  4:54  Cyclone  
  28  4:59  Liberator  
  27  5:18  SCV  
  31  5:24  SCV  
  32  5:30  SCV  
  33  5:36  SCV  
  33  5:41  Cyclone  
  33  5:42  SCV  
  38  5:49  SCV  
  39  5:54  SCV  
  40  6:00  Bunker  
  40  6:01  SCV  
  40  6:02  Starport Tech Lab  
  41  6:09  SCV  
  41  6:11  Orbital Command  
  42  6:15  Command Center, Engineering Bay  
  42  6:22  Siege Tank  
  45  6:42  SCV x2  
  47  6:49  Factory  
  47  6:52  Refinery  
  47  6:57  SCV x2  
  47  7:01  Refinery  
  44  7:16  Siege Tank  
  47  7:23  SCV x2  
  47  7:29  Orbital Command  
  49  7:34  Factory Reactor  
  49  7:35  SCV, Supply Depot  
  49  7:36  Factory  
  50  7:40  SCV  
  51  7:47  SCV  
  51  7:50  Command Center  
  52  7:53  Missile Turret  
  52  7:58  Raven  
  52  7:59  Missile Turret  
  52  8:05  Factory  
  54  8:12  SCV x2  
  56  8:14  Orbital Command  
  55  8:22  Refinery  
  55  8:26  Refinery  
  54  8:28  Missile Turret  
  54  8:29  Sensor Tower  
  54  8:37  SCV x2  
  54  8:40  SCV  
  57  8:46  Factory Tech Lab  
  57  8:47  Hellion  
  57  8:48  Siege Tank, Hellion  
  64  8:49  SCV x2  
  64  8:52  SCV  
  67  8:58  Factory  
  67  9:00  Viking  
  67  9:01  SCV x2  
  71  9:03  SCV  
  71  9:04  SCV  
  73  9:13  SCV x2  
  73  9:15  SCV  
  73  9:16  SCV  
  77  9:20  Barracks Reactor  
  77  9:24  Armory  
  77  9:25  SCV  
  77  9:26  Siege Tank, Supply Depot, Armory  
  77  9:27  Factory Tech Lab  
  81  9:32  SCV x2  
  83  9:40  SCV x2  
  83  9:44  Siege Tank  
  92  9:45  Hellion  
  92  9:46  Hellion  
  92  9:47  Factory Tech Lab  
  92  9:55  SCV x4  
  96  10:07  SCV x3  
  96  10:10  Hellion  
  96  10:12  Supply Depot  
  96  10:13  Siege Tank, Supply Depot  
  96  10:14  Hellion x2  
  107  10:18  Siege Tank, Supply Depot  
  86  10:39  SCV x2  
  86  10:40  SCV x2  
  86  10:42  Siege Tank x2  
  96  10:43  Hellion x2  
  98  10:51  SCV  
  98  10:52  SCV  
  100  10:57  Supply Depot  
  100  11:02  Terran Vehicle And Ship Armor Level 1, Missile Turret, Terran Vehicle Weapons Level 1  
  100  11:04  Command Center, Hi-Sec Auto Tracking  
  100  11:05  Missile Turret  
  100  11:07  Siege Tank, Supply Depot  
  100  11:08  Siege Tank  
  100  11:09  Hellion x2  
  100  11:10  Viking  
  112  11:24  SCV  
  111  11:26  Siege Tank  
  111  11:27  Siege Tank  
  117  11:33  SCV x2  
  117  11:35  Planetary Fortress  
  119  11:40  Viking  
  121  11:50  Refinery  
  121  11:52  Siege Tank  
  121  11:54  Siege Tank, Hellion x2, Refinery  
  131  12:04  SCV  
  132  12:10  Viking  
  132  12:11  Missile Turret  
  132  12:14  Siege Tank x2  
  132  12:15  Hellion  
  142  12:16  Hellion  
  144  12:25  Missile Turret  
  144  12:27  SCV x2, Missile Turret  
  144  12:28  SCV x2  
  144  12:29  Missile Turret  
  148  12:31  SCV  
  149  12:39  SCV  
  149  12:41  Missile Turret  
  150  12:46  Starport  
  150  12:47  Fusion Core, Starport  
  150  12:50  Neosteel Armor  
  153  12:51  Siege Tank, Missile Turret x2  
  153  12:52  Missile Turret  
  153  12:53  Hellion  
  153  12:57  Siege Tank x2, Hellion  
  153  12:58  Supply Depot  
  163  13:00  Supply Depot  
  163  13:01  Supply Depot  
  163  13:05  Hellion, Viking x2  
  169  13:07  SCV  
  169  13:08  SCV  
  171  13:17  Terran Vehicle Weapons Level 2, Terran Vehicle And Ship Armor Level 2  
  171  13:19  SCV x2  
  173  13:23  Siege Tank  
  176  13:31  Command Center  
  176  13:32  SCV  
  176  13:34  Siege Tank, SCV  
  178  13:35  Siege Tank, Thor  
  178  13:39  Viking  
  192  14:09  Siege Tank  
  195  14:39  Viking  
  195  14:40  Hellion  
  195  14:41  Viking  
  195  14:42  Siege Tank  
  195  14:43  Hellion  
  195  14:45  Planetary Fortress  
  200  14:50  Command Center  
  200  14:55  Command Center  
  200  14:56  Command Center  
  200  14:58  Orbital Command  
  200  15:00  Starport Reactor  
  200  15:02  Advanced Ballistics  
  200  15:08  Starport  
  200  15:11  Starport  
  200  15:16  Command Center  
  193  15:58  Thor  
  193  15:59  Thor  
  193  16:00  Viking x2  
  193  16:06  Liberator  
  193  16:07  Liberator  
  193  16:09  Missile Turret  
  193  16:10  Missile Turret  
  193  16:11  Missile Turret  
  191  16:13  Liberator  
  174  16:22  Siege Tank x2  
  174  16:23  Hellion x2, Viking x3  
  151  16:44  Liberator x2  
  151  16:46  Siege Tank x2  
  161  16:47  Hellion x2  
  161  16:54  Siege Tank  
  161  16:56  Refinery  
  161  17:01  Viking x2  
  171  17:04  Refinery  
  171  17:05  Planetary Fortress, Missile Turret  
  171  17:06  SCV x2, Viking  
  171  17:07  Viking  
  180  17:13  Viking  
  182  17:26  Liberator  
  182  17:27  Liberator x2  
  180  17:31  Viking  
  180  17:32  Viking  
  180  17:36  Viking  
  180  17:37  Viking  
  182  17:40  SCV x3  
  182  17:41  SCV  
  192  17:44  Liberator  
  176  18:02  Viking  
  181  18:05  SCV  
  181  18:06  SCV, Viking  
  181  18:07  Viking  
  187  18:15  Thor  
  187  18:16  Thor  
  193  18:37  Liberator x3  
  193  18:38  Liberator  
  170  18:51  SCV  
  170  18:52  Siege Tank  
  170  18:53  Siege Tank, Hellion x2, Viking  
  170  18:54  Viking x2  
  199  18:58  SCV  
  200  19:13  Command Center  
  165  19:31  Siege Tank x3  
  165  19:32  Thor  
  165  19:33  Hellion  
  182  19:42  Liberator  
  169  19:56  Hellion  
  169  19:58  Hellion  
  169  19:59  Viking x3  
  179  20:03  Siege Tank, Thor  
  179  20:04  Hellion  
  179  20:05  Missile Turret  
  190  20:30  Planetary Fortress  
  190  20:33  Missile Turret  
  190  20:34  Missile Turret  
  190  20:48  SCV x2  
  185  20:56  Viking x4  
  189  20:57  Siege Tank  
  189  20:58  Siege Tank x2  
  198  21:09  Viking x2  
  172  21:29  Terran Vehicle And Ship Armor Level 3, Terran Vehicle Weapons Level 3  
  172  21:39  Planetary Fortress  
  166  21:42  Viking  
  166  21:43  Viking  
  170  21:49  Starport Reactor  
  170  21:50  Orbital Command  
  170  21:54  Starport Reactor  
  170  22:02  Missile Turret x2  
  170  22:03  Refinery  
  170  22:04  Missile Turret  
  170  22:05  Refinery x2, Missile Turret  
  170  22:07  Refinery  
  170  22:19  Missile Turret x2  
  170  22:23  Missile Turret  
  162  22:31  Siege Tank  
  162  22:32  Siege Tank x2  
  162  22:33  Hellion x2  
  168  22:37  Liberator x2  
  152  22:51  Siege Tank  
  152  22:53  Viking x4  
  152  22:54  Viking  
  162  23:04  Siege Tank x2  
  140  23:20  Siege Tank  
  140  23:21  Hellion x2  
  140  23:23  Thor  
  146  23:36  Hellion x2  
  150  23:43  Command Center  
  150  23:45  Hellion x2  
  150  23:46  Viking x2  
  158  23:52  Thor  
  157  23:57  Hellion  
  159  24:11  SCV x2  
  159  24:13  Siege Tank x2  
  159  24:14  Hellion x2  
  171  24:19  Hellion  
  165  24:38  Siege Tank, Hellion x2  
  170  24:40  Hellion  
  150  24:46  Siege Tank  
  150  24:47  Siege Tank  
  150  24:48  Viking x2  
  150  24:49  Viking x2  
  158  25:00  Hellion x2  
  158  25:03  Hellion  
  157  25:10  Hellion  
  157  25:13  Factory  
  159  25:16  Factory  
  159  25:17  Factory  
  159  25:19  Hellion x2  
  165  25:21  Hellion  
  162  25:29  Thor  
  162  25:30  Hellion  
  162  25:31  Hellion  
  161  25:40  Hellion x2  
  156  25:52  Thor  
  161  26:07  Thor  
  167  26:13  Factory Tech Lab, Factory Reactor  
  167  26:14  Factory Tech Lab  
  167  26:16  Hellion x3  
  167  26:17  Hellion  
  175  26:28  Viking  
  175  26:40  Hellion x3  
  175  26:41  Hellion x4  
  175  26:44  Smart Servos  
  185  26:51  Hellion  
  191  27:01  Hellion x2  
  181  27:30  Command Center, Thor x2  
  181  27:36  Command Center  
  179  27:44  Orbital Command  
  177  28:01  Thor  
  177  28:02  Hellion x5  
  181  29:02  Thor x2  
  175  29:04  Hellion x4  
  175  29:09  Refinery  
  179  29:10  Refinery  
  176  29:34  Missile Turret, Planetary Fortress  
  176  29:50  Viking x2  
  176  30:20  Hellion  
  176  30:21  Hellion  
Tags
 
Add a new tag
Caveats
  • Supply blocks, unpowered buildings, or Contaminate may cause inaccurate times.
  • Supply counts are checked every 10 seconds.